[ AOE2 MATCH · #464551663 ]
UnrankedEthiopians vs Lithuanians
Player's team · LOSS
[ REPLAY ANALYSIS · EXTRACTED FROM THE RECORDED GAME ]
Feudal
—
Castle
—
Imperial
—
| APM avg | 4.1 |
| APM peak | 11 |
| eAPM avg | 1.8 |
| Villagers / military | 0 / 0 |
Focus
⚔️ 100.0% · 🌾 0.0%
Feudal
—
Castle
—
Imperial
—
| APM avg | 29.9 |
| APM peak | 62 |
| eAPM avg | 14.6 |
| Villagers / military | 0 / 598 |
Focus
⚔️ 96.6% · 🌾 3.4%
Knight ×598
Feudal
—
Castle
—
Imperial
—
| APM avg | 36.5 |
| APM peak | 56 |
| eAPM avg | 19.0 |
| Villagers / military | 0 / 245 |
Focus
⚔️ 96.8% · 🌾 3.2%
Unknown (2550) ×270 · Archer ×245
Feudal
—
Castle
—
Imperial
—
| APM avg | 40.6 |
| APM peak | 73 |
| eAPM avg | 26.6 |
| Villagers / military | 0 / 391 |
Focus
⚔️ 97.9% · 🌾 2.1%
Knight ×180 · Cavalry Archer ×176 · Battering Ram ×35
Feudal
—
Castle
—
Imperial
—
| APM avg | 16.7 |
| APM peak | 39 |
| eAPM avg | 7.8 |
| Villagers / military | 0 / 164 |
Focus
⚔️ 92.8% · 🌾 7.2%
Camel Scout ×149 · Cavalry Archer ×15
Feudal
—
Castle
—
Imperial
—
| APM avg | 18.1 |
| APM peak | 59 |
| eAPM avg | 5.0 |
| Villagers / military | 0 / 0 |
Focus
⚔️ 88.3% · 🌾 11.7%
Feudal
—
Castle
—
Imperial
—
| APM avg | 8.1 |
| APM peak | 14 |
| eAPM avg | 5.1 |
| Villagers / military | 0 / 0 |
Focus
⚔️ 90.0% · 🌾 10.0%
Feudal
—
Castle
—
Imperial
—
| APM avg | 17.2 |
| APM peak | 47 |
| eAPM avg | 3.3 |
| Villagers / military | 0 / 0 |
Focus
⚔️ 91.3% · 🌾 8.7%
Match map
Initial resources + every placement click. Lines = walls · curves = elevation contours. ◆ gold · ⬟ stone · ● berries · ✦ relic · ◌ wall gap
Your base· Open
delaymore's base· Open
delaynomore's base· Open
dennis's base· ✓ Map-separated
Tdot's base· Open
OSITOCRACKYT's base· ✓ Map-separated
L1kysiteur's base· Open
Magnus's base· Open
Smoothed initial terrain · ◌ = detected wall gap · hover for details
Inputs per minute
— Knight182R - - delaymore
Build order — Knight182R
7 actions detected in the replay
| 8:18 | Research | Iron Casting |
| 8:19 | Research | Chain Mail Armor |
| 8:19 | Research | Chain Barding Armor |
| 8:20 | Research | Leather Archer Armor |
| 8:21 | Research | Bodkin Arrow |
| 8:24 | Research | Ballistics |
| 8:24 | Research | Guard Tower (upgrade) |
Build order — delaymore
First 150 of 169 actions detected
| 11:51 | Build | Stable |
| 11:52 | Build | Stable |
| 11:53 | Build | Stable |
| 11:54 | Build | Stable |
| 11:57 | Build | Stable |
| 11:58 | Build | Stable |
| 12:00 | Build | Stable |
| 12:01 | Build | Stable |
| 12:51 | Research | Bloodlines |
| 12:51 | Research | Bloodlines |
| 14:33 | Build | Stable |
| 14:34 | Build | Stable |
| 14:35 | Build | Stable |
| 14:36 | Build | Stable |
| 14:39 | Build | Stable |
| 14:40 | Build | Stable |
| 14:41 | Build | Stable |
| 14:43 | Build | Stable |
| 14:45 | Build | Stable |
| 14:47 | Build | Stable |
| 14:48 | Build | Stable |
| 14:49 | Build | Stable |
| 15:34 | Build | Stone Wall |
| 16:07 | Research | Husbandry |
| 16:07 | Create | Knight ×5 |
| 16:07 | Create | Knight ×5 |
| 16:08 | Create | Knight ×5 |
| 16:08 | Create | Knight ×5 |
| 16:08 | Create | Knight ×5 |
| 16:09 | Create | Knight ×5 |
| 16:10 | Create | Knight ×5 |
| 16:10 | Create | Knight ×5 |
| 16:10 | Create | Knight ×5 |
| 16:11 | Create | Knight ×5 |
| 16:11 | Create | Knight ×5 |
| 16:11 | Create | Knight ×5 |
| 16:12 | Create | Knight ×5 |
| 16:12 | Create | Knight ×5 |
| 16:14 | Research | Ballistics |
| 16:15 | Research | Treadmill Crane |
| 16:15 | Research | Guard Tower (upgrade) |
| 16:17 | Research | Tech 908 |
| 16:18 | Research | Careening |
| 16:20 | Research | Chain Barding Armor |
| 16:21 | Research | Iron Casting |
| 16:22 | Research | Chain Mail Armor |
| 16:23 | Research | Leather Archer Armor |
| 16:23 | Research | Bodkin Arrow |
| 16:26 | Research | Hill Forts |
| 16:27 | Create | Knight ×5 |
| 16:28 | Create | Knight ×5 |
| 16:28 | Create | Knight ×5 |
| 16:28 | Create | Knight ×5 |
| 16:29 | Create | Knight ×5 |
| 16:29 | Create | Knight ×5 |
| 16:29 | Create | Knight ×5 |
| 16:30 | Create | Knight ×5 |
| 16:30 | Create | Knight ×5 |
| 17:42 | Create | Knight ×5 |
| 17:42 | Create | Knight ×5 |
| 17:43 | Create | Knight ×5 |
| 17:43 | Create | Knight ×5 |
| 17:43 | Create | Knight ×5 |
| 17:44 | Create | Knight ×5 |
| 17:44 | Create | Knight ×5 |
| 17:44 | Create | Knight ×5 |
| 17:45 | Create | Knight ×5 |
| 17:45 | Create | Knight ×5 |
| 17:45 | Create | Knight ×5 |
| 17:46 | Create | Knight ×5 |
| 18:16 | Create | Knight ×5 |
| 18:16 | Create | Knight ×5 |
| 18:17 | Create | Knight ×5 |
| 18:17 | Create | Knight ×5 |
| 18:17 | Create | Knight ×5 |
| 18:18 | Create | Knight ×5 |
| 18:18 | Create | Knight ×5 |
| 18:46 | Create | Knight ×5 |
| 18:47 | Create | Knight ×5 |
| 18:47 | Create | Knight ×5 |
| 18:47 | Create | Knight ×5 |
| 18:48 | Create | Knight ×5 |
| 18:48 | Create | Knight ×5 |
| 18:48 | Create | Knight ×5 |
| 18:49 | Create | Knight ×5 |
| 19:11 | Create | Knight ×5 |
| 19:11 | Create | Knight ×5 |
| 19:12 | Create | Knight ×5 |
| 19:12 | Create | Knight ×5 |
| 19:12 | Create | Knight ×5 |
| 19:13 | Create | Knight ×5 |
| 19:13 | Create | Knight ×4 |
| 20:01 | Create | Knight ×5 |
| 20:02 | Create | Knight ×5 |
| 20:02 | Create | Knight ×5 |
| 20:02 | Create | Knight ×5 |
| 20:02 | Create | Knight ×5 |
| 20:03 | Create | Knight ×5 |
| 20:03 | Create | Knight ×5 |
| 20:03 | Create | Knight ×5 |
| 20:04 | Create | Knight ×5 |
| 20:04 | Create | Knight ×5 |
| 20:13 | Build | Stable |
| 20:15 | Build | Stable |
| 20:16 | Build | Stable |
| 20:17 | Build | Stable |
| 20:19 | Build | Stable |
| 20:21 | Build | Stable |
| 21:04 | Create | Knight ×5 |
| 21:04 | Create | Knight ×5 |
| 21:04 | Create | Knight ×5 |
| 21:05 | Create | Knight ×5 |
| 21:05 | Create | Knight ×5 |
| 21:05 | Create | Knight ×5 |
| 21:06 | Create | Knight ×5 |
| 21:07 | Create | Knight ×5 |
| 21:07 | Create | Knight ×5 |
| 21:07 | Create | Knight ×5 |
| 21:08 | Create | Knight ×5 |
| 21:08 | Create | Knight ×5 |
| 21:08 | Create | Knight ×5 |
| 21:09 | Create | Knight ×5 |
| 21:09 | Create | Knight |
| 21:27 | Create | Knight ×5 |
| 21:28 | Create | Knight ×5 |
| 21:28 | Create | Knight ×5 |
| 21:28 | Create | Knight ×5 |
| 21:29 | Create | Knight ×5 |
| 21:29 | Create | Knight ×5 |
| 21:29 | Create | Knight ×5 |
| 21:30 | Create | Knight ×3 |
| 22:35 | Create | Knight ×5 |
| 22:36 | Create | Knight ×5 |
| 22:36 | Create | Knight ×5 |
| 22:36 | Create | Knight ×5 |
| 22:37 | Create | Knight ×5 |
| 22:37 | Create | Knight ×5 |
| 22:37 | Create | Knight ×5 |
| 22:38 | Create | Knight ×5 |
| 22:38 | Create | Knight ×5 |
| 22:38 | Create | Knight ×5 |
| 23:43 | Build | Watch Tower |
| 23:43 | Build | Watch Tower |
| 23:44 | Build | Watch Tower |
| 23:44 | Build | Watch Tower |
| 23:44 | Build | Watch Tower |
| 23:45 | Build | Watch Tower |
| 23:45 | Build | Watch Tower |
| 23:52 | Create | Knight ×5 |
| 23:53 | Create | Knight ×5 |
Build order — delaynomore
First 150 of 171 actions detected
| 7:36 | Research | Iron Casting |
| 7:37 | Research | Chain Mail Armor |
| 7:38 | Research | Leather Archer Armor |
| 7:41 | Research | Bodkin Arrow |
| 7:44 | Research | Ballistics |
| 7:45 | Research | Guard Tower (upgrade) |
| 7:46 | Research | Tech 908 |
| 7:48 | Research | Treadmill Crane |
| 7:48 | Research | Careening |
| 13:38 | Research | Elite Kamayuk (upgrade) |
| 13:39 | Research | Spies/Treason |
| 13:40 | Research | Conscription |
| 13:41 | Research | Fabric Shields |
| 13:41 | Research | Andean Sling |
| 13:42 | Research | Sappers |
| 13:46 | Research | Blast Furnace |
| 13:47 | Research | Plate Mail Armor |
| 13:49 | Research | Bracer |
| 13:49 | Research | Ring Archer Armor |
| 13:54 | Research | Chemistry |
| 13:55 | Research | Arrowslits |
| 13:55 | Research | Keep (upgrade) |
| 13:56 | Research | Shipwright |
| 13:57 | Research | Siege Engineers |
| 13:57 | Research | Dry Dock |
| 15:31 | Build | Archery Range |
| 15:33 | Build | Archery Range |
| 15:35 | Build | Archery Range |
| 15:36 | Build | Archery Range |
| 15:38 | Build | Archery Range |
| 15:40 | Build | Archery Range |
| 15:41 | Build | Archery Range |
| 15:42 | Build | Archery Range |
| 15:49 | Build | Archery Range |
| 16:00 | Build | Barracks |
| 16:03 | Build | Barracks |
| 16:05 | Build | Barracks |
| 16:06 | Build | Barracks |
| 16:07 | Build | Barracks |
| 16:09 | Build | Barracks |
| 16:12 | Build | Barracks |
| 16:13 | Build | Barracks |
| 16:14 | Build | Barracks |
| 16:16 | Build | Barracks |
| 16:20 | Build | Barracks |
| 17:28 | Research | Thumb Ring |
| 17:29 | Research | Crossbowman (upgrade) |
| 17:30 | Create | Archer ×5 |
| 17:30 | Create | Archer ×5 |
| 17:30 | Create | Archer ×5 |
| 17:31 | Create | Archer ×5 |
| 17:31 | Create | Archer ×5 |
| 17:31 | Create | Archer ×5 |
| 17:32 | Create | Archer ×5 |
| 17:32 | Create | Archer ×5 |
| 17:32 | Create | Archer ×3 |
| 18:12 | Research | Tech 1402 |
| 18:13 | Research | Pikeman (upgrade) |
| 18:14 | Research | Arson |
| 18:25 | Research | Arbalester (upgrade) |
| 18:25 | Create | Archer ×5 |
| 18:26 | Create | Archer ×5 |
| 18:26 | Create | Archer ×5 |
| 18:26 | Create | Archer ×5 |
| 18:27 | Create | Archer ×5 |
| 18:27 | Create | Archer ×5 |
| 18:27 | Create | Archer ×5 |
| 18:34 | Create | Unit 2550 ×5 |
| 18:35 | Create | Unit 2550 ×5 |
| 18:35 | Create | Unit 2550 ×5 |
| 19:17 | Create | Archer ×5 |
| 19:18 | Create | Archer ×5 |
| 19:18 | Create | Archer ×5 |
| 19:18 | Create | Archer ×5 |
| 19:19 | Create | Archer ×5 |
| 19:19 | Create | Archer |
| 19:24 | Research | Tech 1351 |
| 19:24 | Research | Halberdier (upgrade) |
| 19:33 | Create | Unit 2550 ×5 |
| 19:33 | Create | Unit 2550 ×5 |
| 19:34 | Create | Unit 2550 ×5 |
| 19:34 | Create | Unit 2550 ×5 |
| 19:34 | Create | Unit 2550 ×5 |
| 19:35 | Create | Unit 2550 ×3 |
| 19:35 | Create | Unit 2550 ×4 |
| 20:00 | Create | Unit 2550 |
| 20:02 | Create | Unit 2550 ×3 |
| 20:08 | Create | Archer ×5 |
| 20:09 | Create | Archer ×5 |
| 20:09 | Create | Archer ×5 |
| 20:09 | Create | Archer ×5 |
| 20:10 | Create | Archer ×5 |
| 20:10 | Create | Archer ×5 |
| 20:34 | Research | Tech 1352 |
| 20:35 | Create | Unit 2550 ×5 |
| 20:35 | Create | Unit 2550 ×5 |
| 20:36 | Create | Unit 2550 ×5 |
| 20:36 | Create | Unit 2550 |
| 20:48 | Create | Archer ×5 |
| 20:48 | Create | Archer ×5 |
| 20:49 | Create | Archer ×5 |
| 20:49 | Create | Archer ×5 |
| 20:49 | Create | Archer ×5 |
| 20:50 | Create | Archer ×4 |
| 20:50 | Create | Archer ×4 |
| 21:48 | Create | Unit 2550 ×5 |
| 21:48 | Create | Unit 2550 ×5 |
| 21:48 | Create | Unit 2550 ×5 |
| 21:49 | Create | Unit 2550 ×5 |
| 21:49 | Create | Unit 2550 ×5 |
| 21:49 | Create | Unit 2550 ×5 |
| 21:50 | Create | Unit 2550 ×5 |
| 21:50 | Create | Unit 2550 ×5 |
| 21:50 | Create | Unit 2550 ×5 |
| 21:51 | Create | Unit 2550 ×3 |
| 21:58 | Create | Archer ×5 |
| 21:59 | Create | Archer ×5 |
| 21:59 | Create | Archer ×5 |
| 21:59 | Create | Archer ×5 |
| 22:00 | Create | Archer ×5 |
| 22:00 | Create | Archer ×5 |
| 22:01 | Create | Archer ×5 |
| 22:01 | Create | Archer ×5 |
| 22:01 | Create | Archer ×2 |
| 22:28 | Build | Barracks |
| 22:30 | Build | Barracks |
| 22:31 | Build | Barracks |
| 22:33 | Build | Barracks |
| 22:35 | Build | Barracks |
| 22:36 | Build | Barracks |
| 22:37 | Build | Barracks |
| 22:39 | Build | Barracks |
| 23:10 | Create | Unit 2550 ×5 |
| 23:11 | Create | Unit 2550 ×5 |
| 23:11 | Create | Unit 2550 ×5 |
| 23:11 | Create | Unit 2550 ×5 |
| 23:12 | Create | Unit 2550 ×5 |
| 23:12 | Create | Unit 2550 ×5 |
| 23:12 | Create | Unit 2550 ×5 |
| 23:13 | Create | Unit 2550 ×5 |
| 23:13 | Create | Unit 2550 ×5 |
| 23:13 | Create | Unit 2550 ×5 |
| 23:14 | Create | Unit 2550 ×5 |
| 23:14 | Create | Unit 2550 ×5 |
| 23:22 | Create | Archer ×5 |
| 23:22 | Create | Archer ×5 |
| 23:22 | Create | Archer ×5 |
| 23:23 | Create | Archer ×5 |
| 23:23 | Create | Archer ×5 |
| 23:24 | Create | Archer ×5 |
Build order — dennis
136 actions detected in the replay
| 4:48 | Build | Stable |
| 4:49 | Build | Stable |
| 4:50 | Build | Stable |
| 4:51 | Build | Stable |
| 5:31 | Build | Barracks |
| 5:32 | Build | Archery Range |
| 5:33 | Build | Archery Range |
| 5:34 | Build | Archery Range |
| 6:26 | Research | Bloodlines |
| 7:28 | Build | Stable |
| 7:29 | Build | Stable |
| 7:30 | Build | Stable |
| 7:31 | Build | Stable |
| 9:43 | Build | Archery Range |
| 9:44 | Build | Archery Range |
| 9:45 | Build | Archery Range |
| 9:47 | Build | Archery Range |
| 12:12 | Build | Stable |
| 12:13 | Build | Stable |
| 13:16 | Build | Stable |
| 13:17 | Build | Stable |
| 15:13 | Build | Stone Wall |
| 15:19 | Build | Stone Wall |
| 15:29 | Build | Stone Wall |
| 15:32 | Build | Stone Wall |
| 15:36 | Build | Stone Wall |
| 15:40 | Build | Stone Wall |
| 17:29 | Research | Husbandry |
| 17:31 | Create | Knight ×5 |
| 17:31 | Create | Knight ×5 |
| 17:31 | Create | Knight ×5 |
| 17:32 | Create | Knight ×5 |
| 17:32 | Create | Knight ×5 |
| 17:32 | Create | Knight ×5 |
| 17:33 | Create | Knight ×5 |
| 17:33 | Create | Knight ×5 |
| 17:38 | Research | Thumb Ring |
| 17:39 | Create | Cavalry Archer ×5 |
| 17:39 | Create | Cavalry Archer ×5 |
| 17:40 | Create | Cavalry Archer ×5 |
| 17:40 | Create | Cavalry Archer ×5 |
| 17:41 | Create | Cavalry Archer ×5 |
| 17:41 | Create | Cavalry Archer ×5 |
| 17:41 | Create | Cavalry Archer ×5 |
| 17:42 | Create | Cavalry Archer ×5 |
| 17:49 | Research | Bodkin Arrow |
| 17:50 | Research | Leather Archer Armor |
| 17:50 | Research | Iron Casting |
| 17:51 | Research | Chain Mail Armor |
| 17:51 | Research | Chain Barding Armor |
| 17:55 | Research | Ballistics |
| 17:55 | Research | Treadmill Crane |
| 17:55 | Research | Guard Tower (upgrade) |
| 18:05 | Research | Tech 1110 |
| 18:08 | Build | Stable |
| 18:10 | Build | Stable |
| 18:10 | Build | Stable |
| 18:17 | Research | Squires |
| 18:17 | Research | Arson |
| 18:28 | Research | Chain Mail Armor |
| 18:33 | Create | Knight ×5 |
| 18:33 | Create | Knight ×5 |
| 18:34 | Create | Knight ×5 |
| 18:34 | Create | Knight ×5 |
| 18:34 | Create | Knight ×5 |
| 18:38 | Create | Knight ×5 |
| 18:39 | Create | Knight ×5 |
| 18:39 | Create | Knight ×5 |
| 18:40 | Create | Knight ×5 |
| 18:41 | Create | Cavalry Archer ×5 |
| 18:41 | Create | Cavalry Archer ×5 |
| 18:41 | Create | Cavalry Archer ×5 |
| 18:42 | Create | Cavalry Archer ×5 |
| 18:42 | Create | Cavalry Archer ×5 |
| 19:59 | Build | Archery Range |
| 20:01 | Build | Siege Workshop |
| 20:43 | Create | Knight ×5 |
| 20:43 | Create | Knight ×5 |
| 20:44 | Create | Knight ×5 |
| 20:44 | Create | Knight ×5 |
| 20:44 | Create | Knight ×5 |
| 20:45 | Create | Knight ×5 |
| 20:45 | Create | Knight ×5 |
| 20:45 | Create | Knight ×5 |
| 20:47 | Create | Cavalry Archer ×5 |
| 20:47 | Create | Cavalry Archer ×5 |
| 20:47 | Create | Cavalry Archer ×5 |
| 20:48 | Create | Cavalry Archer ×5 |
| 20:48 | Create | Cavalry Archer ×5 |
| 20:49 | Create | Cavalry Archer ×5 |
| 20:49 | Create | Cavalry Archer ×5 |
| 20:49 | Create | Cavalry Archer ×5 |
| 20:50 | Create | Cavalry Archer ×5 |
| 20:50 | Create | Cavalry Archer ×5 |
| 20:51 | Create | Cavalry Archer ×5 |
| 20:58 | Build | Siege Workshop |
| 21:00 | Build | Siege Workshop |
| 21:01 | Build | Siege Workshop |
| 21:02 | Build | Siege Workshop |
| 21:28 | Build | Siege Workshop |
| 21:29 | Build | Siege Workshop |
| 21:30 | Build | Siege Workshop |
| 21:31 | Build | Siege Workshop |
| 21:35 | Create | Cavalry Archer ×5 |
| 21:35 | Create | Cavalry Archer ×5 |
| 21:35 | Create | Cavalry Archer ×5 |
| 21:36 | Create | Cavalry Archer ×5 |
| 21:36 | Create | Cavalry Archer ×5 |
| 21:37 | Create | Cavalry Archer ×5 |
| 21:37 | Create | Cavalry Archer ×5 |
| 21:37 | Create | Cavalry Archer ×5 |
| 21:38 | Create | Cavalry Archer |
| 22:55 | Create | Knight ×5 |
| 22:55 | Create | Knight ×5 |
| 22:55 | Create | Knight ×5 |
| 22:56 | Create | Knight ×5 |
| 22:56 | Create | Knight ×5 |
| 22:57 | Create | Knight ×5 |
| 22:57 | Create | Knight ×5 |
| 23:27 | Create | Knight ×5 |
| 23:27 | Create | Knight ×5 |
| 23:27 | Create | Knight ×5 |
| 23:28 | Create | Knight ×5 |
| 23:30 | Create | Cavalry Archer ×5 |
| 23:30 | Create | Cavalry Archer ×5 |
| 23:30 | Create | Cavalry Archer ×5 |
| 23:45 | Create | Battering Ram ×5 |
| 23:45 | Create | Battering Ram ×5 |
| 23:45 | Create | Battering Ram ×5 |
| 23:46 | Create | Battering Ram ×5 |
| 23:46 | Create | Battering Ram ×5 |
| 23:46 | Create | Battering Ram ×5 |
| 23:47 | Create | Battering Ram ×5 |
| 23:49 | Build | Siege Workshop |
| 23:50 | Build | Siege Workshop |
| 23:51 | Build | Siege Workshop |
Build order — Tdot
75 actions detected in the replay
| 12:24 | Research | Tech 28 |
| 12:29 | Research | Iron Casting |
| 12:30 | Research | Bodkin Arrow |
| 12:31 | Research | Leather Archer Armor |
| 12:32 | Research | Chain Barding Armor |
| 12:33 | Research | Chain Mail Armor |
| 12:35 | Research | Ballistics |
| 12:36 | Research | Treadmill Crane |
| 12:37 | Research | Guard Tower (upgrade) |
| 12:38 | Research | Tech 909 |
| 12:39 | Research | Tech 908 |
| 12:39 | Research | Careening |
| 19:49 | Build | Stable |
| 19:52 | Build | Archery Range |
| 20:28 | Research | Thumb Ring |
| 20:29 | Research | Crossbowman (upgrade) |
| 20:30 | Research | Elite Skirmisher (upgrade) |
| 21:00 | Research | Bloodlines |
| 21:02 | Research | Husbandry |
| 21:06 | Build | Stable |
| 21:07 | Build | Stable |
| 21:54 | Create | Camel Scout ×5 |
| 21:55 | Create | Camel Scout ×5 |
| 21:55 | Create | Camel Scout ×5 |
| 21:55 | Create | Camel Scout ×5 |
| 21:56 | Create | Camel Scout ×5 |
| 21:56 | Create | Camel Scout ×5 |
| 21:57 | Create | Camel Scout ×4 |
| 22:22 | Build | Stable |
| 22:24 | Build | Stable |
| 22:27 | Build | Stable |
| 22:29 | Build | Stable |
| 22:32 | Build | Stable |
| 22:34 | Build | Stable |
| 22:42 | Build | Stable |
| 22:43 | Build | Stable |
| 22:45 | Build | Stable |
| 22:48 | Build | Archery Range |
| 22:50 | Build | Archery Range |
| 22:52 | Build | Archery Range |
| 22:54 | Build | Archery Range |
| 23:28 | Create | Camel Scout ×5 |
| 23:28 | Create | Camel Scout ×5 |
| 23:28 | Create | Camel Scout ×5 |
| 23:29 | Create | Camel Scout ×5 |
| 23:29 | Create | Camel Scout ×5 |
| 23:30 | Create | Camel Scout ×5 |
| 23:33 | Create | Camel Scout ×5 |
| 23:33 | Create | Camel Scout ×5 |
| 23:34 | Create | Camel Scout ×5 |
| 23:34 | Create | Camel Scout ×5 |
| 23:34 | Create | Camel Scout ×5 |
| 23:35 | Create | Camel Scout ×5 |
| 23:35 | Create | Camel Scout ×5 |
| 23:36 | Create | Camel Scout ×5 |
| 23:37 | Create | Camel Scout |
| 23:38 | Create | Camel Scout |
| 23:48 | Create | Camel Scout |
| 23:49 | Create | Camel Scout |
| 23:49 | Create | Camel Scout ×5 |
| 23:49 | Create | Camel Scout ×5 |
| 23:50 | Create | Camel Scout ×5 |
| 23:50 | Create | Camel Scout ×5 |
| 23:50 | Create | Camel Scout |
| 23:57 | Create | Cavalry Archer ×5 |
| 23:58 | Create | Cavalry Archer ×5 |
| 23:58 | Create | Cavalry Archer ×5 |
| 24:40 | Create | Camel Scout ×5 |
| 24:41 | Create | Camel Scout ×5 |
| 24:41 | Create | Camel Scout ×5 |
| 24:41 | Create | Camel Scout ×5 |
| 24:46 | Build | Siege Workshop |
| 24:47 | Build | Siege Workshop |
| 24:49 | Build | Siege Workshop |
| 24:51 | Build | Siege Workshop |
Build order — OSITOCRACKYT
18 actions detected in the replay
| 8:58 | Research | Iron Casting |
| 8:59 | Research | Chain Mail Armor |
| 9:00 | Research | Chain Barding Armor |
| 9:01 | Research | Bodkin Arrow |
| 9:01 | Research | Leather Archer Armor |
| 9:02 | Research | Ballistics |
| 9:03 | Research | Guard Tower (upgrade) |
| 21:26 | Research | Blast Furnace |
| 21:26 | Research | Plate Mail Armor |
| 21:28 | Research | Plate Barding Armor |
| 21:28 | Research | Bracer |
| 21:30 | Research | Chemistry |
| 21:32 | Research | Siege Engineers |
| 21:33 | Research | Siege Engineers |
| 22:18 | Research | Tech 1132 |
| 22:23 | Research | Spies/Treason |
| 22:30 | Research | Tech 1131 |
| 22:31 | Research | Conscription |
Build order — L1kysiteur
12 actions detected in the replay
| 15:31 | Research | Chain Barding Armor |
| 15:34 | Research | Chain Mail Armor |
| 15:35 | Research | Iron Casting |
| 15:36 | Research | Bodkin Arrow |
| 15:37 | Research | Leather Archer Armor |
| 15:42 | Research | Tech 909 |
| 15:43 | Research | Guard Tower (upgrade) |
| 15:44 | Research | Ballistics |
| 15:45 | Research | Treadmill Crane |
| 15:46 | Research | Tech 908 |
| 15:47 | Research | Careening |
| 20:24 | Research | Kasbah |
Build order — Magnus
10 actions detected in the replay
| 20:29 | Research | Szlachta Privileges |
| 20:34 | Research | Chain Mail Armor |
| 20:37 | Research | Bodkin Arrow |
| 20:38 | Research | Leather Archer Armor |
| 20:40 | Research | Chain Barding Armor |
| 20:47 | Research | Treadmill Crane |
| 20:49 | Research | Ballistics |
| 20:50 | Research | Guard Tower (upgrade) |
| 20:51 | Research | Tech 908 |
| 20:52 | Research | Careening |
Match timeline
| 4:48 | dennis · first_building Stable |
| 5:31 | dennis · first_building Barracks |
| 5:32 | dennis · first_building Archery Range |
| 11:51 | delaymore · first_building Stable |
| 15:13 | dennis · wall_segment Stone Wall x4 |
| 15:19 | dennis · wall_segment Stone Wall x1 |
| 15:29 | dennis · wall_segment Stone Wall x1 |
| 15:31 | delaynomore · first_building Archery Range |
| 15:32 | dennis · wall_segment Stone Wall x1 |
| 15:34 | delaymore · wall_segment Stone Wall x29 |
| 15:36 | dennis · wall_segment Stone Wall x1 |
| 15:40 | dennis · wall_segment Stone Wall x1 |
| 16:00 | delaynomore · first_building Barracks |
| 19:49 | Tdot · first_building Stable |
| 19:52 | Tdot · first_building Archery Range |
| 20:01 | dennis · first_building Siege Workshop |
| 22:54 | OSITOCRACKYT · resign |
| 24:46 | Tdot · first_building Siege Workshop |
[ AI ANALYSIS · 1 CREDIT ]
What really happened in this match?
Wolo.gg analyzes every decision: build order, eco, micro, common mistakes by bracket. Personalized analysis on WhatsApp or Discord in 30 seconds.
Civ guide
Ethiopians
Map guide
CBA_=REQUIEM=_V292 (Scenario)
Perfil
Knight182R